Map: Lightshade LE

Players

Metamyth

  • Race: Zerg Zerg
  • League: Diamond

Duke - Winner!

  • Race: Zerg Zerg
  • League: Master

VOD

Have the link to the VOD?

Description

Defending against 2 base nydus.

Time

  • Played on: Aug. 18, 2021, 9:41 p.m.
  • Length: 13:37
Show
View Real Time Build Order
Export as new Build Order

Metamyth Zerg 

Build Orders: Hatch First 

Get SALT Encoding   

  12  0:00  Drone  
  13  0:12  Overlord  
  13  0:17  Drone  
  14  0:31  Drone  
  14  0:32  Drone  
  16  0:49  Hatchery  
  15  0:52  Drone  
  15  0:55  Drone  
  17  0:59  Drone  
  18  1:04  Extractor  
  17  1:15  Spawning Pool  
  17  1:17  Drone  
  17  1:20  Drone  
  18  1:28  Drone  
  19  1:39  Drone  
  20  1:49  Overlord  
  20  2:01  Queen  
  20  2:02  Queen, Zergling x2  
  20  2:03  Zergling x2  
  20  2:07  Metabolic Boost  
  26  2:12  Zergling x2  
  25  2:22  Drone  
  25  2:30  Overlord  
  24  2:44  Baneling Nest  
  23  2:50  Drone x3  
  26  2:55  Drone x2  
  28  2:59  Drone  
  28  3:04  Drone  
  30  3:05  Drone  
  30  3:10  Drone  
  32  3:14  Overlord  
  32  3:17  Drone  
  33  3:20  Drone  
  33  3:23  Drone  
  33  3:24  Drone  
  36  3:29  Overlord  
  36  3:33  Drone  
  37  3:34  Drone  
  37  3:36  Drone  
  37  3:46  Roach Warren  
  37  3:47  Drone  
  37  3:48  Evolution Chamber  
  37  3:52  Drone  
  37  3:53  Drone x2  
  39  3:56  Drone  
  39  3:57  Drone  
  39  3:59  Extractor  
  40  4:03  Lair  
  40  4:05  Drone  
  40  4:09  Drone x2  
  43  4:19  Drone x6  
  49  4:28  Extractor  
  48  4:33  Drone  
  48  4:38  Drone x3, Hatchery  
  50  4:41  Overlord  
  51  4:46  Zerg Missile Weapons Level 1  
  51  5:00  Overlord x4  
  51  5:02  Glial Reconstitution  
  51  5:09  Overseer  
  51  5:19  Drone x4  
  55  5:22  Extractor  
  55  5:23  Drone x5  
  55  5:27  Overlord  
  55  5:28  Overlord  
  59  5:37  Roach x3  
  65  5:43  Roach  
  65  5:45  Roach  
  73  5:57  Roach x6  
  73  5:58  Roach  
  83  6:12  Roach x4  
  83  6:17  Roach  
  83  6:18  Queen  
  93  6:19  Queen  
  93  6:24  Roach x2  
  101  6:29  Roach x2  
  105  6:34  Overlord x3  
  105  6:45  Roach x2  
  103  6:53  Roach x4  
  103  6:54  Roach  
  107  6:57  Zerg Ground Armor Level 1  
  107  6:59  Roach x4  
  109  7:05  Roach x2  
  106  7:09  Roach  
  102  7:17  Roach x3  
  106  7:29  Roach x3  
  105  7:31  Queen  
  105  7:39  Roach x2  
  105  7:40  Roach x3  
  99  7:47  Roach x3  
  99  7:48  Roach  
  92  8:02  Roach x6  
  93  8:18  Roach x4  
  91  8:30  Roach x4  
  87  8:56  Roach x5  
  87  8:57  Roach  
  93  9:11  Zerg Missile Weapons Level 2  
  93  9:13  Roach x2  
  93  9:14  Roach x2  
  89  9:24  Roach x4  
  95  9:31  Ravager  
  95  9:32  Queen  
  95  9:35  Roach x2  
  94  9:47  Roach x2  
  88  10:04  Drone x3  
  88  10:05  Drone x2, Hatchery  
  92  10:16  Drone x2  
  97  10:21  Ravager x3  
  97  10:29  Drone x2, Evolution Chamber  
  92  10:42  Roach  
  92  10:43  Roach x7  
  104  10:51  Drone  
  103  11:04  Roach x2  
  103  11:08  Zerg Ground Armor Level 2  
  101  11:14  Roach x2  
  103  11:21  Roach x3  
  103  11:22  Roach  
  104  11:34  Roach x5  
  104  11:38  Queen  
  100  11:56  Roach x6  
  100  11:57  Roach  
  102  12:02  Roach x2  
  102  12:07  Extractor  
  105  12:09  Infestation Pit  
  99  12:20  Roach x6  
  107  12:29  Roach x3  
  101  12:30  Roach  
  79  12:37  Queen  
  72  12:46  Roach x4  
Show
View Real Time Build Order
Export as new Build Order

Duke Zerg - Winner!

Build Orders: Pool First 

Get SALT Encoding   

  12  0:00  Drone  
  13  0:08  Drone  
  14  0:25  Spawning Pool  
  13  0:29  Drone  
  14  0:37  Extractor, Drone  
  14  0:38  Extractor  
  14  0:40  Drone  
  16  0:46  Overlord  
  16  1:11  Queen  
  16  1:12  Zergling x6  
  21  1:25  Zergling x2  
  22  1:32  Hatchery  
  21  1:35  Zergling x2  
  22  1:46  Spine Crawler  
  21  1:52  Extractor  
  21  1:53  Queen  
  22  1:59  Overlord  
  22  2:17  Drone x2  
  21  2:30  Drone x4  
  25  2:38  Queen  
  27  2:46  Queen  
  27  2:49  Overlord  
  29  2:53  Drone  
  29  2:58  Drone x2  
  32  3:06  Spine Crawler  
  32  3:08  Drone  
  32  3:12  Drone  
  33  3:15  Drone  
  33  3:16  Drone  
  35  3:20  Drone  
  35  3:22  Drone  
  35  3:25  Drone  
  39  3:27  Drone  
  39  3:30  Overlord  
  39  3:37  Drone x2  
  40  3:42  Drone x2  
  40  3:47  Drone  
  40  3:48  Overlord  
  43  3:49  Drone  
  43  3:50  Drone  
  43  3:52  Extractor  
  43  3:54  Extractor  
  43  3:56  Drone x3  
  43  3:58  Drone  
  43  4:00  Drone  
  48  4:13  Extractor  
  48  4:14  Drone x2  
  48  4:16  Extractor  
  48  4:17  Drone  
  48  4:21  Drone  
  48  4:24  Drone x2  
  52  4:25  Drone  
  53  4:34  Roach Warren  
  53  4:35  Drone x3, Evolution Chamber  
  53  4:37  Lair  
  53  4:38  Evolution Chamber  
  53  4:53  Overlord x3  
  53  4:54  Overlord  
  53  5:02  Zerg Missile Weapons Level 1  
  53  5:19  Roach x7  
  67  5:26  Roach x2  
  67  5:27  Roach x2  
  75  5:36  Nydus Network, Glial Reconstitution  
  75  5:38  Overlord x2  
  75  5:40  Roach x2  
  78  5:51  Roach x2  
  78  5:52  Overlord  
  78  5:55  Roach x3  
  88  6:10  Roach  
  88  6:11  Roach x2  
  94  6:13  Nydus Canal  
  94  6:16  Roach x3  
  100  6:20  Roach  
  106  6:25  Roach x2  
  106  6:26  Roach  
  106  6:28  Roach x2  
  106  6:30  Roach  
  106  6:32  Overlord  
  100  6:51  Roach x4  
  100  6:58  Roach x5  
  100  7:00  Roach x2  
  108  7:10  Roach x2  
  110  7:23  Nydus Canal  
  110  7:24  Roach  
  110  7:25  Roach x6  
  108  7:38  Roach x3  
  98  7:47  Roach x2  
  90  7:55  Roach x4  
  90  7:56  Roach x2  
  92  8:00  Roach  
  92  8:04  Roach  
  94  8:14  Roach  
  94  8:16  Zerg Missile Weapons Level 2  
  96  8:24  Roach x3  
  96  8:26  Hatchery  
  101  8:29  Roach x2  
  101  8:30  Roach  
  99  8:44  Zerg Ground Armor Level 1  
  99  8:47  Roach x2  
  99  8:48  Roach  
  105  8:52  Roach x2  
  105  8:54  Roach  
  107  8:58  Roach  
  89  9:05  Roach  
  89  9:06  Roach x2  
  93  9:14  Roach x3  
  87  9:23  Roach x3  
  77  9:27  Roach  
  77  9:35  Roach x3  
  83  9:42  Roach  
  83  9:43  Roach  
  83  9:48  Roach  
  81  9:56  Ravager  
  81  9:57  Roach x3, Ravager x2  
  88  10:02  Drone x3  
  88  10:04  Extractor  
  88  10:06  Drone x2  
  92  10:07  Drone  
  92  10:08  Ravager  
  92  10:12  Roach  
  96  10:16  Roach x2  
  96  10:20  Roach  
  102  10:24  Roach x2  
  102  10:25  Roach  
  110  10:28  Roach  
  110  10:32  Roach  
  112  10:38  Roach x2  
  106  10:43  Roach  
  106  10:44  Roach x2  
  112  10:54  Roach x4  
  112  10:56  Ravager  
  122  10:57  Ravager  
  122  11:01  Roach Warren  
  119  11:19  Overlord  
  119  11:20  Overlord x2  
  119  11:22  Queen  
  121  11:41  Roach x11  
  139  11:48  Roach x3  
  137  11:57  Hydralisk Den  
  137  12:00  Roach x3  
  134  12:18  Roach x5  
  114  12:30  Roach  
  114  12:33  Roach x4  
  114  12:34  Roach x3  
  122  12:38  Roach x2  
  124  12:44  Lurker Den  
  121  12:56  Roach x2, Hydralisk  
  121  12:57  Roach  
  118  13:13  Roach  
  118  13:14  Roach x4, Overlord  
Tags
 
Add a new tag
Caveats
  • Supply blocks, unpowered buildings, or Contaminate may cause inaccurate times.
  • Supply counts are checked every 10 seconds.